AoeStats
← 초콜릿좋아

Black Forest

509359613Analyzed
2v2 RM · 6d ago on Sep 26, 2026· 57m 46s· 4 players
Game mode
Random Map
Map size
Medium (4 player)
Population
200
Speed
Normal
Resources
Standard
Victory
Conquest
Starting age
Dark Age
Ending age
Imperial Age
RankedLock teamsTeams togetherTeam positionsShared explorationLock speedFull tech treeHidden civsTurbo modeCheats
Victory
Defeat
🇨🇴 Chinese · Colombia
549
+18
🇰🇷 Danes · South Korea
506
+21
🇺🇸 Mongols · United States
615
-20
🇪🇸 Teutons · Spain
582
-19
초콜릿좋아
11:59 Feudal Age
13:17 Wheelbarrow
12:38 Double-Bit Axe
13:27 Gold Mining
19:50 Castle Age
19:04 Forging
20:02 Scale Mail Armor
20:51 Hand Cart
21:23 Bow Saw
23:31 Horse Collar
24:55 Bloodlines
24:50 Husbandry
25:30 Arson
25:47 Squires
26:15 Gambesons
27:23 Iron Casting
29:42 Stone Mining
36:27 Chain Mail Armor
43:35 Imperial Age
40:42 Hamask
42:52 Fletching
44:49 Gold Shaft Mining
44:50 Stone Shaft Mining
43:51 Capped Ram
45:28 Coinage
44:59 Caravan
46:48 Blast Furnace
46:19 Plate Mail Armor
45:46 Elite Varangian Guard
47:48 Northmen's Fury
48:02 Elite Jomsviking
50:41 Banking
50:18 Bodkin Arrow
56:00 Bracer
55:47 Siege Ram
56:58 Northmen's Fury
SLOW SELINE1975
11:48 Feudal Age
13:31 Horse Collar
15:16 Man-at-Arms
19:01 Castle Age
17:19 Double-Bit Axe
19:48 Arson
28:12 Long Swordsman
43:52 Bow Saw
43:36 Stone Mining
43:36 Gold Mining
47:18 Forging
49:42 Husbandry
bigbaloopa
0:58 Loom
15:16 Feudal Age
16:43 Wheelbarrow
15:53 Horse Collar
16:05 Double-Bit Axe
17:12 Gold Mining
19:06 Stone Mining
22:00 Castle Age
26:07 Heavy Plow
26:33 Bow Saw
27:51 Man-at-Arms
29:02 Crossbowman
30:24 Long Swordsman
31:34 Pikeman
34:16 Murder Holes
42:46 Padded Archer Armor
42:38 Fletching
42:54 Scale Barding Armor
42:49 Scale Mail Armor
44:20 Squires
44:05 Arson
48:30 Hand Cart
49:35 Gold Shaft Mining
49:44 Fortified Wall
49:55 Ballistics
54:11 Imperial Age
54:37 Thumb Ring
55:16 Conscription
54:26 Arbalester
55:21 Two-Handed Swordsman
58:30 Chemistry
Javi
0:32 Loom
17:11 Feudal Age
19:24 Wheelbarrow
18:34 Town Watch
18:43 Double-Bit Axe
18:51 Horse Collar
24:52 Castle Age
26:32 Hand Cart
26:18 Town Patrol
27:59 Pikeman
28:00 Man-at-Arms
28:26 Gambesons
28:41 Squires
30:45 Heavy Plow
31:14 Arson
Connection lost

Rejoining the realm…

Still unreachable

The connection could not be restored.

Session expired

The server has moved on; the page needs a fresh start.